AoeStats
← zilvinasleonavicius84

Oasis

509118743Analyzed
4v4 RM · 6d ago on Sep 25, 2026· 51m 8s· 8 players
Game mode
Random Map
Map size
Large (8 player)
Population
200
Speed
Normal
Resources
Standard
Victory
Conquest
Starting age
Dark Age
Ending age
Imperial Age
RankedLock teamsTeams togetherTeam positionsShared explorationLock speedFull tech treeHidden civsTurbo modeCheats
Victory
Defeat
🇩🇪 Wei · Germany
1050
+12
🇳🇱 Tatars · Netherlands
1047
+12
🇫🇮 Cumans · Finland
1009
+14
🇮🇪 Celts · Ireland
941
+32
🇹🇼 Danes · Taiwan
1029
-16
🇨🇳 Khitans · China
964
-14
🇱🇹 Britons · Lithuania
935
-13
🇹🇼 Franks · Taiwan
900
-11
RenHao
11:44 Feudal Age
15:40 Castle Age
13:43 Double-Bit Axe
19:13 Wheelbarrow
22:13 Husbandry
23:09 Scale Barding Armor
24:15 Forging
25:09 Chain Barding Armor
32:48 Imperial Age
32:18 Iron Casting
32:25 Hand Cart
33:01 Cavalier
34:23 Bow Saw
35:18 Plate Barding Armor
35:20 Loom
36:08 Gold Mining
38:57 Paladin
keinyoung
11:11 Feudal Age
16:02 Castle Age
14:55 Double-Bit Axe
15:33 Stone Mining
16:47 Domestication
17:31 Gold Mining
24:35 Wheelbarrow
23:46 Loom
wawa123969
9:19 Loom
12:13 Feudal Age
15:09 Double-Bit Axe
21:42 Castle Age
19:49 Horse Collar
22:48 Bow Saw
24:04 Squires
24:11 Scale Mail Armor
25:00 Pikeman
27:23 Gold Mining
28:35 Gambesons
28:59 Husbandry
29:09 Bloodlines
29:38 Forging
31:11 Padded Archer Armor
32:35 Leather Archer Armor
32:10 Fletching
33:04 Heavy Plow
33:45 Wheelbarrow
32:57 Town Watch
32:45 Elite Skirmisher
34:02 Thumb Ring
37:01 Bodkin Arrow
39:56 Imperial Age
40:07 Halberdier
41:24 Iron Casting
41:05 Chain Mail Armor
41:21 Ring Archer Armor
40:52 Bracer
zilvinasleonavicius84
9:59 Feudal Age
10:48 Double-Bit Axe
10:46 Horse Collar
20:50 Castle Age
18:44 Stone Mining
18:45 Gold Mining
21:08 Forging
21:02 Padded Archer Armor
24:13 Bow Saw
24:06 Heavy Plow
26:42 Wheelbarrow
27:05 Iron Casting
26:51 Fortified Wall
26:47 Crossbowman
27:37 Fletching
31:02 Gold Shaft Mining
36:47 Imperial Age
36:54 Imperial Age
34:12 Town Watch
34:43 Hand Cart
34:14 Loom
36:19 Bodkin Arrow
36:40 Leather Archer Armor
37:17 Town Patrol
39:03 Chemistry
37:28 Arbalester
39:14 Blast Furnace
39:40 Two-Man Saw
39:33 Bracer
39:03 Pikeman
39:44 Squires
42:24 Ring Archer Armor
42:52 Yeomen
43:35 Sappers
45:37 Hoardings
44:23 Elite Longbowman
koenee
9:15 Loom
11:36 Feudal Age
15:47 Castle Age
13:52 Double-Bit Axe
15:20 Fletching
16:36 Bodkin Arrow
20:02 Bow Saw
20:44 Horse Collar
21:27 Padded Archer Armor
27:45 Gold Mining
28:36 Leather Archer Armor
30:25 Wheelbarrow
32:01 Bloodlines
31:52 Husbandry
32:58 Heavy Plow
33:17 Hand Cart
34:09 Ballistics
39:39 Imperial Age
39:26 Gold Shaft Mining
38:38 Town Watch
39:26 Masonry
39:42 Capped Ram
40:56 Ring Archer Armor
40:49 Siege Engineers
41:46 Chemistry
40:48 Light Cavalry
41:33 Bracer
43:20 Scale Barding Armor
46:16 Heavy Cavalry Archer
48:17 Crop Rotation
50:51 Silk Armor
51:13 Conscription
51:08 Spies/Treason
Tykki
4:22 Loom
10:25 Feudal Age
11:29 Double-Bit Axe
13:28 Wheelbarrow
14:34 Horse Collar
18:43 Wheelbarrow
22:04 Castle Age
20:26 Gold Mining
21:52 Bloodlines
21:49 Scale Barding Armor
23:27 Bow Saw
23:29 Heavy Plow
24:53 Chain Barding Armor
24:44 Forging
25:29 Gold Shaft Mining
25:53 Hand Cart
27:30 Iron Casting
31:00 Stone Mining
37:09 Imperial Age
36:30 Fletching
38:27 Plate Barding Armor
37:31 Cavalier
39:23 Blast Furnace
39:07 Paladin
44:06 Light Cavalry
45:11 Capped Ram
49:53 Two-Man Saw
fidelplays
6:16 Loom
6:21 Loom
9:37 Feudal Age
10:10 Double-Bit Axe
12:36 Horse Collar
16:19 Wheelbarrow
21:12 Castle Age
21:23 Castle Age
20:40 Fletching
20:52 Padded Archer Armor
21:14 Bloodlines
21:08 Gold Mining
22:28 Bow Saw
22:20 Heavy Plow
24:58 Stone Mining
25:11 Scale Mail Armor
25:07 Bodkin Arrow
26:03 Hand Cart
29:31 Gold Shaft Mining
29:30 Leather Archer Armor
32:58 Thumb Ring
34:20 Forging
35:30 Stone Shaft Mining
35:43 Ballistics
37:46 Town Watch
41:41 Imperial Age
42:47 Iron Casting
42:18 Scale Barding Armor
47:10 Ming Guang Armor
46:48 Tuntian
48:29 Parthian Tactics
49:31 Spies/Treason
BlockIOO
7:15 Loom
11:34 Feudal Age
19:02 Castle Age
18:39 Double-Bit Axe
18:35 Horse Collar
18:49 Gold Mining
19:42 Wheelbarrow
22:12 Bow Saw
22:26 Heavy Plow
23:05 Gold Shaft Mining
22:20 Stone Mining
25:53 Fletching
26:33 Bodkin Arrow
28:12 Pikeman
29:03 Scale Mail Armor
29:13 Forging
32:52 Iron Casting
32:32 Chain Mail Armor
32:46 Arson
34:11 Stone Shaft Mining
33:52 Town Watch
35:14 Hand Cart
35:11 Murder Holes
35:37 Ballistics
35:42 Caravan
36:07 Chain Mail Armor
36:38 Sanctity
36:28 Fervor
36:21 Devotion
40:17 Town Watch
41:51 Town Patrol
42:29 Masonry
45:55 Imperial Age
47:23 Halberdier
49:07 Chemistry
48:13 Siege Engineers
47:31 Capped Ram
51:12 Stronghold
51:33 Furor Celtica
51:44 Conscription
52:00 Hoardings
50:47 Spies/Treason
Connection lost

Rejoining the realm…

Still unreachable

The connection could not be restored.

Session expired

The server has moved on; the page needs a fresh start.